 Dungeon Crawl Stone Soup version 0.23.0 (webtiles) character file.

Game seed: 5508079581141775458

70 Borgoz the Cudgeler (level 4, 0/27 HPs)
             Began as a Gargoyle Gladiator on Feb 9, 2019.
             Slain by a rat (1 damage)
             ... on level 2 of the Dungeon.
             The game lasted 00:02:18 (1444 turns).

Borgoz the Cudgeler (Gargoyle Gladiator)            Turns: 1444, Time: 00:02:18

Health: 0/27       AC:  5    Str: 22    XL:     4   Next: 21%
Magic:  4/4        EV: 13    Int:  9    God:
Gold:   74         SH:  0    Dex: 12    Spells: 3/3 levels left

rFire    . . .     SeeInvis .   a - +0 flail
rCold    . . .     Gourm    .   (no shield)
rNeg     + . .     Faith    .   b - +0 leather armour
rPois    ∞         Spirit   .   c - +0 helmet
rElec    +         Reflect  .   (no cloak)
rCorr    .         Harm     .   (no gloves)
MR       .....                  (no boots)
Stlth    +.........             (no amulet)
HPRegen  0.09/turn              j - +5 ring of strength
MPRegen  0.09/turn              l - -2 ring of protection (curse)

@: no status effects
A: negative energy resistance 1, electricity resistance, unbreathing,
petrification resistance, rot immunity, AC +3
a: no special abilities


You were on level 2 of the Dungeon.
You were not hungry.

You visited 1 branch of the dungeon, and saw 2 of its levels.

You collected 74 gold pieces.

Inventory:

Hand Weapons
 a - a +0 flail (weapon)
Missiles
 d - 3 throwing nets (quivered)
Armour
 b - a +0 leather armour (worn)
 c - a +0 helmet (worn)
Jewellery
 j - a +5 ring of strength (left hand)
 l - a cursed -2 ring of protection (right hand)
Potions
 e - a potion of degeneration {unknown}
 h - a potion of berserk rage {unknown}
 i - 2 potions of resistance
 k - a potion of haste {unknown}
Comestibles
 f - 4 rations
 g - 2 chunks of flesh


   Skills:
 + Level 2.8 Fighting
 + Level 3.4 Maces & Flails
 - Level 1.7 Throwing
 + Level 1.5 Armour
 * Level 3.1 Dodging


You had 3 spell levels left.
You didn't know any spells.
Your spell library was empty.

Dungeon Overview and Level Annotations

Branches:
Dungeon (2/15)

Altars:


Innate Abilities, Weirdness & Mutations

You are resistant to torment.
Your stone body is resilient. (AC +3)
You are immune to poison.
You resist negative energy. (rN+)
You are resistant to electric shocks. (rElec)
You can survive without breathing.
You are immune to petrification.
You are immune to rotting.


Message History

The giant cockroach misses you.
You hit the giant cockroach.
The giant cockroach is severely wounded.
The rat barely misses you. The giant cockroach closely misses you.
You barely miss the giant cockroach.
The giant cockroach is severely wounded.
The giant cockroach bites you.
* * * LOW HITPOINT WARNING * * *
The rat barely misses you.
The giant cockroach bites you but does no damage.
You closely miss the giant cockroach.
The giant cockroach is severely wounded.
The rat closely misses you. The giant cockroach bites you.
* * * LOW HITPOINT WARNING * * *
The rat bites you.
* * * LOW HITPOINT WARNING * * *
You hit the giant cockroach.
You kill the giant cockroach!
The rat bites you.
You die...

#....# ####### #....#
#.....# #....###.....#
#............#
#####............# #
#......#.........# #..
#................#
#....##............#####
#.....†@...........# ...
#.?.....r.......#####...
#...............#####...
#..................##...
#...........##..........
#.......######..........
...[..... ..............
..######. ##............
#.......#####


You could see a rat.

Vanquished Creatures
  An adder (D:2)
  An ooze (D:1)
  A worm (D:2)
  2 dart slugs (D:1)
  A leopard gecko (D:1)
  8 bats
  6 giant cockroaches
  8 goblins (D:1)
  8 hobgoblins
  3 frilled lizards
  2 kobolds (D:1)
  4 rats (D:1)
45 creatures vanquished.

Notes
Turn   | Place    | Note
-------+----------+-------------------------------------------
     0 | D:1      | Borgoz the Gargoyle Gladiator began the quest for the Orb.
     0 | D:1      | Reached XP level 1. HP: 12/12 MP: 1/1
   147 | D:1      | Reached XP level 2. HP: 18/18 MP: 2/2
   495 | D:1      | Reached skill level 1 in Armour
   683 | D:1      | Reached XP level 3. HP: 19/22 MP: 3/3
  1409 | D:2      | Reached XP level 4. HP: 26/27 MP: 4/4
  1443 | D:2      | HP: 1/27 [rat (2)]
  1444 | D:2      | Slain by a rat

Skill      XL: |  1  2  3 |
---------------+----------+-----
Armour         | 1 |  1.5
Dodging        | 3 |  3.1
Fighting       | |  2.8
Maces & Flails | |  3.4
Throwing       | |  1.7

Action                   |  1- 3 |  4- 6 || total
-------------------------+-------+-------++-------
Melee: Flail             |   152 |    14 ||   166
  Use: Scroll            |     2 |       ||     2
  Eat: Chunk             |     2 |       ||     2
Armor: Leather armour    |    76 |     9 ||    85
Dodge: Dodged            |   145 |    26 ||   171
